 Dungeon Crawl Stone Soup version 0.29.1-15-g9cfb28693d (webtiles) character file.

Game seed: 14504908318745261535

3398 cdecastro the Cleaver (level 9, -9/85 HPs)
             Began as a Minotaur Fighter on Mar 5, 2023.
             Was a Follower of Okawaru.
             Shot with a bolt by an orc warrior (13 damage)
             ... in a bailey.
             The game lasted 00:13:09 (7426 turns).

cdecastro the Cleaver (Minotaur Fighter)            Turns: 7426, Time: 00:13:10

Health: -9/85      AC: 12    Str: 24    XL:     9   Next: 75%
Magic:  10/10      EV:  9    Int:  5    God:    Okawaru [*.....]
Gold:   232        SH:  0    Dex: 11    Spells: 8/8 levels left

rFire   . . .      SeeInvis .   b - +0 arbalest
rCold   . . .      Faith    .   (shield currently unavailable)
rNeg    + . .      Spirit   .   m - +0 chain mail {Will+}
rPois   .          Reflect  .   (helmet restricted)
rElec   .          Harm     .   A - +0 cloak
rCorr   .          Rampage  .   (no gloves)
Will    +....                   K - +0 pair of boots
Stlth   ..........              (no amulet)
HPRegen 0.24/turn               i - ring of positive energy
MPRegen 0.12/turn               (no ring)

@: no status effects
A: horns 2, retaliatory headbutt
a: Renounce Religion, Heroism


You were in a bailey.
You worshipped Okawaru.
Okawaru was aware of your devotion.
You visited 1 branch of the dungeon, and saw 7 of its levels.
You also visited: Bailey.

You collected 232 gold pieces.

Inventory:

Hand Weapons
 a - the +3 woodcutter's axe {vorpal}
   (You found it on level 3 of the Dungeon)

   It inflicts extra damage upon your enemies.
 b - a +0 arbalest (weapon)
 q - the +2 spear of Imbalance {flame, rC- rCorr Dex+2}
   (You found it on level 3 of the Dungeon)

   It burns those it strikes, dealing additional fire damage.
   Dex:       It affects your dexterity (+2).
   rC:        It makes you vulnerable to cold.
   rCorr:     It protects you from acid and corrosion.
 C - a +1 whip of flaming
 I - a +0 war axe
Missiles
 u - 3 boomerangs
 z - 12 poisoned darts
 G - a curare-tipped dart
Armour
 c - a +0 buckler
 m - a +0 chain mail of willpower (worn)
 A - a +0 cloak (worn)
 K - a +0 pair of boots (worn)
 L - a +0 scale mail
Jewellery
 i - a ring of positive energy (left hand)
 k - a ring of ice
Wands
 x - a wand of mindburst (21)
 F - a wand of polymorph (6)
Scrolls
 g - 3 scrolls of blinking {unknown}
 j - 3 scrolls of summoning {unknown}
 l - a scroll of noise {unknown}
 n - 2 scrolls of silence {unknown}
 p - 3 scrolls of immolation {unknown}
 s - 2 scrolls of teleportation {unknown}
 y - 4 scrolls of identify {unknown}
 B - a scroll of butterflies {unknown}
 D - a scroll of amnesia {unknown}
 J - 3 scrolls of vulnerability {unknown}
Potions
 d - a potion of magic {unknown}
 e - 2 potions of berserk rage {unknown}
 f - 2 potions of flight {unknown}
 h - 3 potions of degeneration {unknown}
 o - 6 potions of heal wounds {unknown}
 r - a potion of mutation {unknown}
 t - 2 potions of lignification {unknown}
 v - 3 potions of curing {unknown}
 w - a potion of brilliance {unknown}
 E - a potion of cancellation {unknown}
 H - 2 potions of haste


   Skills:
 - Level 10.0 Fighting
 - Level 12.0 Axes
 - Level 5.0 Armour
 + Level 4.3 Dodging
 - Level 3.6 Shields
 - Level 3.0 Invocations


You had 8 spell levels left.
You didn't know any spells.
Your spell library contained the following spells:

 Spells                   Type           Power      Damage    Failure   Level
 Beastly Appendage        Tmut           0%         N/A       98%         1
 Ensorcelled Hibernation  Hex/Ice        0%         N/A       99%         2
 Passwall                 Tmut/Erth      0%         N/A       99%         2
 Wereblood                Tmut           0%         N/A       99%         2
 Conjure Flame            Conj/Fire      0%         6-21      100%        3
 Ignite Poison            Fire/Tmut/Pois 0%         N/A       100%        3
 Mephitic Cloud           Conj/Pois/Air  0%         N/A       100%        3
 Spider Form              Tmut/Pois      0%         N/A       100%        3
 Swiftness                Air            0%         N/A       100%        3
 Sticky Flame             Conj/Fire      0%         2d3       100%        4
 Freezing Cloud           Conj/Ice/Air   0%         6-21      100%        5
 Summon Small Mammal      Summ           Unusable   N/A       N/A         1
 Call Canine Familiar     Summ           Unusable   N/A       N/A         3
 Summon Guardian Golem    Hex/Summ       Unusable   N/A       N/A         3

Dungeon Overview and Level Annotations

Branches:
Dungeon (7/15)             Bailey (1/1)
 Temple: D:4-7

Altars:
Cheibriados
Elyvilon
Okawaru
Zin
The Shining One

Annotations:
D:5 2 transporters, CeilingCat's ghost, weakling DrDe


Innate Abilities, Weirdness & Mutations

You have a pair of horns on your head.
You reflexively headbutt those who attack you in melee.


Message History

You shoot a bolt. The bolt hits the orc warrior!
The orc warrior is almost dead.
The orc shoots a bolt.
The bolt barely misses you.
The orc warrior shoots a bolt.
The bolt hits you!
The orc warrior suddenly grunts.
The orc warrior shoots a bolt.
The bolt hits you!
* * * LOW HITPOINT WARNING * * *
The orc shoots a bolt.
The bolt hits you!
* * * LOW HITPOINT WARNING * * *
The orc shoots a bolt.
The bolt hits you.
* * * LOW HITPOINT WARNING * * *
The orc warrior shoots a bolt.
The bolt hits you but does no damage.
Unknown command.
Fire: b) +0 arbalest
Press: ? - help, Q - select action, (/) - cycle Shift-Dir - straight line, f/p - orc warrior
Aim: an orc warrior, wielding a +0 arbalest and wearing a +0 ring mail (almost dead, 47% to hit)
You shoot a bolt. The bolt barely misses the orc warrior.
The orc warrior shoots a bolt.
The bolt barely misses you.
The orc shoots a bolt.
The bolt barely misses you.
The orc warrior shoots a bolt.
The bolt completely misses you.
The orc shoots a bolt.
The bolt closely misses you.
Fire: b) +0 arbalest
Press: ? - help, Q - select action, (/) - cycle Shift-Dir - straight line, f/p - orc warrior
Aim: an orc warrior, wielding a +0 arbalest and wearing a +0 ring mail (almost dead, 47% to hit)
You shoot a bolt.
The bolt hits the orc warrior but does no damage.
The orc warrior is almost dead.
The orc warrior shoots a bolt.
The bolt hits you!
* * * LOW HITPOINT WARNING * * *
The orc shoots a bolt.
The bolt barely misses you.
The orc shoots a bolt.
The bolt hits you but does no damage.
The orc warrior shoots a bolt.
The bolt hits you!
* * * LOW HITPOINT WARNING * * *
Fire: b) +0 arbalest
Press: ? - help, Q - select action, (/) - cycle Shift-Dir - straight line, f/p - orc warrior
Aim: an orc warrior, wielding a +0 arbalest and wearing a +0 ring mail (almost dead, 47% to hit)
You shoot a bolt.
The bolt closely misses the orc warrior.
The orc warrior shoots a bolt.
The bolt hits you!
You die...

.##≈.....#
o#≈.....#
##≈.....#
#o#≈≈.....#
≈~≈≈~.....#
~~)~).....#
~~~oo.....#
~~~~~.....#
~~~~~....@#
~~~~~.....#
~~~~~.....#
~~~~~.....#
~~~~~.....#
~~~.....#
~~~.....#
~~~.....#
≈≈~.....#


You could see an orc warrior and an orc.

Vanquished Creatures
  Pikel (D:6)
  Grinder (D:4)
  A hornet (D:7)
  Sigmund (D:2)
  2 black bears (D:5)
  3 orc warriors (Bailey)
  2 ice beasts
  An ogre (D:5)
  A lemure (D:5)
  2 phantoms
  A kobold brigand (D:6)
  2 bullfrogs (D:7)
  3 necrophages
  A gnoll sergeant (D:3)
  3 scorpions
  A killer bee (D:6)
  A howler monkey (D:5)
  A jelly (D:7)
  3 hounds
  A gnoll bouda (D:6)
  2 orc priests (D:6)
  4 iguanas
  Natasha (thrice) (D:4)
  3 orc wizards
  Robin (D:2)
  10 gnolls
  10 adders
  A shadow imp (D:5)
  An ufetubus (D:4)
  4 worms
  2 dart slugs
  23 orcs
  8 endoplasms
  4 giant cockroaches
  17 goblins
  11 hobgoblins
  4 quokkas
  4 ball pythons
  3 bats
  3 frilled lizards
  6 kobolds
  2 rats
158 creatures vanquished.

Notes
Turn   | Place    | Note
-------+----------+-------------------------------------------
     0 | D:1      | cdecastro the Minotaur Fighter began the quest for the Orb.
     0 | D:1      | Reached XP level 1. HP: 19/19 MP: 0/0
    97 | D:1      | Reached skill level 3 in Axes
   269 | D:1      | Reached XP level 2. HP: 26/26 MP: 1/1
   371 | D:1      | Reached skill level 4 in Axes
   466 | D:1      | Found a faded altar of an unknown god.
   587 | D:1      | Reached XP level 3. HP: 31/31 MP: 2/2
  1143 | D:2      | Reached skill level 5 in Axes
  1364 | D:2      | Noticed Robin
  1379 | D:2      | Killed Robin
  1380 | D:2      | Reached XP level 4. HP: 26/39 MP: 3/3
  1581 | D:2      | Noticed Sigmund
  1593 | D:2      | Killed Sigmund
  1594 | D:2      | Reached skill level 7 in Axes
  1594 | D:2      | Reached XP level 5. HP: 34/45 MP: 4/4
  2004 | D:3      | Reached XP level 6. HP: 51/51 MP: 5/5
  2041 | D:3      | Noticed an ice beast
  2175 | D:3      | Identified the +2 spear of Imbalance {flame, rC- rCorr
                  | Dex+2}
  2270 | D:4      | Noticed Grinder
  2279 | D:4      | Killed Grinder
  2280 | D:4      | Reached skill level 9 in Axes
  2500 | D:4      | Reached XP level 7. HP: 57/57 MP: 6/6
  2687 | D:4      | Reached skill level 10 in Axes
  2723 | D:4      | Found a glowing golden altar of the Shining One.
  2724 | D:4      | Found a glowing silver altar of Zin.
  2872 | D:4      | Found a white marble altar of Elyvilon.
  3022 | D:4      | Noticed Natasha
  3036 | D:4      | Killed Natasha
  3042 | D:4      | HP: 3/60 [poisoned by a goblin]
  3374 | D:4      | Noticed Natasha
  3389 | D:4      | Killed Natasha
  3390 | D:4      | Reached skill level 5 in Fighting
  3418 | D:4      | Noticed Natasha
  3428 | D:4      | Killed Natasha
  3539 | D:5      | Entered Level 5 of the Dungeon
  3617 | D:4      | Became a worshipper of Elyvilon the Healer
  3774 | D:5      | Found a transporter.
  3774 | D:5      | Noticed CeilingCat's ghost (weakling DrDe)
  3793 | D:5      | Found a transporter.
  3806 | D:5      | Reached XP level 8. HP: 69/71 MP: 7/7
  4646 | D:5      | Reached * piety under Elyvilon
  4809 | D:6      | Noticed Pikel
  4992 | D:6      | Reached skill level 10 in Fighting
  5033 | D:6      | Killed Pikel
  5034 | D:6      | Reached skill level 11 in Axes
  5034 | D:6      | Reached XP level 9. HP: 35/85 MP: 8/8
  5333 | D:6      | Found an iron altar of Okawaru.
  5357 | D:6      | Fell from the grace of Elyvilon
  5357 | D:6      | Became a worshipper of Warmaster Okawaru
  6116 | D:3      | Reached skill level 12 in Axes
  6551 | D:3      | Found the +3 woodcutter's axe {vorpal}
  6918 | D:7      | Reached skill level 5 in Armour
  6968 | D:7      | Reached skill level 1 in Dodging
  6976 | D:7      | Found a snail-covered altar of Cheibriados.
  7030 | D:7      | Found a flagged portal.
  7047 | Bailey   | Entered a bailey
  7237 | Bailey   | Reached * piety under Okawaru
  7425 | Bailey   | HP: 4/85 [orc warrior/bolt (7)]
  7426 | Bailey   | Shot with a bolt by an orc warrior

Illustrated notes

Levels and vault maps discovered:
D:1:      minmay_arrival_widening_spiral_wide, layout_loops_ring,
          hellmonk_ecumenical_altar_zigzags, minmay_split_cup_large
D:2:      layout_basic, uniq_robin, uniq_sigmund
D:3:      layout_rooms, pf_guarded_unrand_woodcutter
D:4:      layout_rooms, dreamdust_divine_triumvirate, minmay_between,
          uniq_natasha, uniq_grinder
D:5:      layout_loops_ring, gammafunk_ghost_arena
D:6:      layout_rooms, kennysheep_mini_moat, uniq_pikel
D:7:      minmay_s_stair_smasher, layout_basic, overflow_temple_1_default,
          minmay_temple_entry_glassed_door, enter_bailey_5
Bailey:   bailey_polearm_2, bailey

Skill      XL: |  1  2  3  4  5  6  7  8  9 |
---------------+----------------------------+-----
Axes           | 3 4 5 7 9 10 11 12 | 12.0
Fighting       | 6 10 | 10.0
Armour         | 5 |  5.0
Invocations    | 3 |  3.0
Dodging        | 4 |  4.3
Shields        | |  3.6

Action                   |  1- 3 |  4- 6 |  7- 9 || total
-------------------------+-------+-------+-------++-------
Melee: War axe           |    76 |    73 |   224 ||   373
       Headbutt          |    11 |    10 |    54 ||    75
       Punch             |     2 |       |     4 ||     6
       Battleaxe         |       |       |    35 ||    35
 Fire: Arbalest          |       |       |    17 ||    17
Throw: Boomerang         |       |       |     2 ||     2
  Use: Potion            |       |     1 |       ||     1
Armor: Scale mail        |    25 |       |       ||    25
       Chain mail        |    22 |    33 |   124 ||   179
Dodge: Dodged            |    32 |    24 |   102 ||   158
